 Dungeon Crawl Stone Soup version 0.26-a0-658-gbdda728c12 (webtiles) character file.

Game seed: 17255074493336091672

7215 heikuro the Spear-Bearer (level 11, -6/87 HPs)
             Began as a Formicid Abyssal Knight on Oct 4, 2020.
             Was an Elder of Lugonu.
             Mangled by a wolf spider zombie (14 damage)
             ... on level 10 of the Dungeon.
             The game lasted 00:23:23 (13675 turns).

heikuro the Spear-Bearer (Formicid Abyssal Knight) Turns: 13675, Time: 00:23:23

Health: -6/87      AC: 11    Str: 20    XL:     11   Next: 33%
Magic:  16/17      EV: 11    Int: 12    God:    Lugonu [****..]
Gold:   589        SH:  5    Dex: 16    Spells: 10/10 levels left

rFire    . . .     SeeInvis +   E - +3 trident (freeze)
rCold    . . .     Faith    .   (no shield)
rNeg     . . .     Spirit   .   x - +0 scale mail {rPois}
rPois    +         Reflect  +   (helmet unavailable)
rElec    .         Harm     .   A - +0 cloak
rCorr    .         Rampage  .   v - +0 pair of gloves
MR       ++...                  (no boots)
Stlth    ..........             C - amulet of reflection
HPRegen  0.24/turn              i - +6 ring of dexterity
MPRegen  0.15/turn              r - ring of protection from magic

@: no status effects
A: permanent stasis, dig shafts and tunnels, four strong arms, antennae 3
a: Dig, Shaft Self, Depart the Abyss, Bend Space, Banish, Corrupt, Renounce
Religion


You were on level 10 of the Dungeon.
You worshipped Lugonu.
Lugonu was greatly pleased with you.
You visited 2 branches of the dungeon, and saw 11 of its levels.
You visited the Abyss 1 time.

You collected 589 gold pieces.

Inventory:

Hand Weapons
 E - a +3 trident of freezing (weapon)
Missiles
 e - 9 javelins (quivered)
 o - 45 sling bullets
 p - 3 curare-tipped darts
Armour
 v - a +0 pair of gloves (worn)
 x - a +0 scale mail of poison resistance (worn)
 A - a +0 cloak (worn)
 D - a +0 plate armour
Jewellery
 i - a +6 ring of dexterity (left hand)
 r - a ring of protection from magic (right hand)
 t - an uncursed ring of resist corrosion
 C - an amulet of reflection (around neck)
Wands
 g - a wand of polymorph (18)
 y - a wand of acid (25)
 z - a wand of digging (10)
Scrolls
 b - 2 scrolls of enchant armour {unknown}
 h - 2 scrolls of random uselessness {unknown}
 k - 6 scrolls of remove curse
 l - 5 scrolls of amnesia
 q - a scroll of magic mapping {unknown}
 s - 4 scrolls of immolation {unknown}
 w - 2 scrolls of enchant weapon {unknown}
 B - 2 scrolls of blinking {unknown}
 F - 4 scrolls of teleportation {unknown}
Potions
 c - 3 potions of lignification
 d - a potion of ambrosia {unknown}
 f - 2 potions of curing {unknown}
 j - 4 potions of heal wounds
 m - 3 potions of stabbing
 n - 5 potions of mutation
 u - 3 potions of flight


   Skills:
 + Level 8.7 Fighting
 * Level 10.6 Polearms
 + Level 8.4 Armour
 - Level 3.0 Dodging
 + Level 9.1 Invocations


You had 10 spell levels left.
You didn't know any spells.
Your spell library contained the following spells:

 Spells                   Type           Power        Failure   Level
 Beastly Appendage        Tmut           #.....       63%         1
 Wereblood                Tmut           #.......     77%         2
 Spider Form              Tmut/Pois      #.........   94%         3
 Ice Form                 Ice/Tmut       #.......     100%        4
 Blade Hands              Tmut           #.........   100%        5


Dungeon Overview and Level Annotations

Branches:
Dungeon (10/15)            Temple (1/1) D:6            Lair (0/6) D:9
    Orc: D:9-12

Altars:
Ashenzari
Cheibriados
Dithmenos
Elyvilon
Fedhas
Gozag
Hepliaklqana
Kikubaaqudgha
Makhleb
Nemelex Xobeh
Okawaru
Qazlal
Ru
Sif Muna
Trog
Uskayaw
Vehumet
Wu Jian
Xom
Yredelemnul
Zin
The Shining One

Shops:
D:4 =   D:6 (


Innate Abilities, Weirdness & Mutations

You cannot be hasted, slowed, berserked, paralysed or teleported.
You can dig through walls and to a lower floor.
Your four strong arms can wield two-handed weapons with a shield.
You have a pair of large antennae on your head. (SInv)


Message History

The wolf spider zombie closely misses you.
The wolf spider zombie bites you.
You puncture the wolf spider zombie!
The wolf spider zombie is moderately damaged.
The wolf spider zombie hits you!
The wolf spider zombie bites you but does no damage.
You puncture the wolf spider zombie!
The wolf spider zombie is heavily damaged.
The wolf spider zombie hits you!
* * * LOW HITPOINT WARNING * * *
The wolf spider zombie closely misses you.
You hit the wolf spider zombie.
The wolf spider zombie is heavily damaged.
The wolf spider zombie hits you!
* * * LOW HITPOINT WARNING * * *
The wolf spider zombie bites you but does no damage.
Space bends around you!
You blink.
A worker ant zombie comes into view.
The wolf spider zombie hits you!
You die...

...........#
.##..###...######
.##..###........##
.......#...####..#
############ ##.#
#............ #§#
#.≈≈≈≈≈≈≈≈≈≈≈≈ #.#
#.≈≈≈≈≈≈≈≈≈≈≈≈.#Z#
'.≈≈≈≈≈≈≈≈≈≈≈;.'@#
#.≈≈≈≈≈≈≈≈≈≈≈≈.###
#...........Z..
##############


You could see an electric eel, a worker ant zombie and a wolf spider zombie.

Vanquished Creatures
  2 two-headed ogres
  A wraith (D:10)
  Grum (D:8)
  Eustachio (Temple)
  A steam dragon (D:10)
  3 wargs
  Menkaure (D:6)
  Edmund (D:5)
  A water moccasin (D:8)
  2 black bears
  2 sky beasts (D:9)
  3 ice beasts
  An orc warrior (D:6)
  2 phantoms
  6 ogres
  2 wolves (D:8)
  3 centaurs
  Blork the orc (D:6)
  A big kobold (D:9)
  7 bullfrogs
  3 wyvern zombies
  A wyvern skeleton (D:8)
  2 scorpions
  A jelly (D:8)
  18 wights
  5 howler monkeys
  3 hounds
  2 bullfrog zombies
  3 orc priests
  6 orc wizards
  A quasit (D:9)
  2 bullfrog skeletons
  Crazy Yiuf (D:6)
  3 iguanas
  3 worker ants
  Natasha (D:3)
  A killer bee zombie (D:8)
  A hound zombie (D:10)
  A worker ant zombie (D:6)
  A howler monkey zombie (D:6)
  6 gnolls
  2 howler monkey skeletons
  4 adders
  A shadow imp (D:5)
  An ooze (D:1)
  An adder zombie (D:8)
  An adder skeleton (D:5)
  2 worms (D:3)
  4 dart slugs
  7 leopard geckos
  27 orcs
  A ball python (D:1)
  6 giant cockroaches
  5 goblins
  9 hobgoblins
  10 jackals
  4 quokkas
  2 bats
  7 frilled lizards
  9 kobolds
  2 quokka skeletons
  2 rats
214 creatures vanquished.

Vanquished Creatures (others)
  An ogre (D:9)
  A worker ant (D:9)
  2 fungi (D:6)
  4 plants (D:9)
8 creatures vanquished.

Grand Total: 222 creatures vanquished

Notes
Turn   | Place    | Note
-------+----------+-------------------------------------------
     0 | Abyss:1  | heikuro the Formicid Abyssal Knight began the quest for the
                  | Orb.
     0 | Abyss:1  | Reached XP level 1. HP: 18/18 MP: 2/2
   123 | Abyss:1  | Noticed an apocalypse crab
   124 | D:1      | Escaped the Abyss
   220 | D:1      | Reached skill level 1 in Dodging
   220 | D:1      | Reached XP level 2. HP: 12/24 MP: 3/3
   725 | D:1      | Reached XP level 3. HP: 29/29 MP: 4/4
   835 | D:1      | Reached * piety under Lugonu
  1553 | D:2      | Reached XP level 4. HP: 36/37 MP: 5/5
  2329 | D:2      | Reached skill level 3 in Polearms
  2956 | D:3      | Reached XP level 5. HP: 41/42 MP: 7/7
  3144 | D:3      | Noticed Natasha
  3156 | D:3      | Killed Natasha
  4242 | D:4      | Reached XP level 6. HP: 34/48 MP: 8/8
  4271 | D:4      | Reached ** piety under Lugonu
  4357 | D:4      | Noticed an ogre
  4422 | D:4      | Killed an ogre
  4422 | D:4      | Reached skill level 4 in Polearms
  4692 | D:4      | Found Vaeremp's Jewellery Emporium.
  5059 | D:5      | Entered Level 5 of the Dungeon
  5078 | D:5      | Noticed a phantom
  5111 | D:5      | Killed a phantom
  5111 | D:5      | Reached XP level 7. HP: 34/55 MP: 6/10
  5799 | D:5      | Found a shadowy altar of Dithmenos.
  5883 | D:5      | Reached skill level 5 in Polearms
  5885 | D:6      | Noticed Edmund
  6061 | D:6      | Noticed Menkaure
  6089 | D:5      | Reached XP level 8. HP: 52/61 MP: 8/11
  6198 | D:5      | Killed Edmund
  6198 | D:5      | Reached skill level 5 in Fighting
  6336 | D:6      | Found a runed translucent door.
  6337 | D:6      | Noticed Crazy Yiuf
  6346 | D:6      | Killed Crazy Yiuf
  6407 | D:6      | Killed Menkaure
  6407 | D:6      | Reached skill level 5 in Invocations
  6424 | D:6      | Found a staircase to the Ecumenical Temple.
  6440 | Temple   | Entered the Ecumenical Temple
  6706 | D:6      | Reached skill level 6 in Polearms
  6848 | D:6      | Noticed Eustachio
  6879 | Temple   | Killed Eustachio
  6879 | Temple   | Reached skill level 5 in Armour
  7119 | D:6      | Reached XP level 9. HP: 62/69 MP: 11/13
  7492 | D:6      | Found Yffacec's Weapon Emporium.
  7514 | D:6      | Reached skill level 7 in Polearms
  7630 | D:6      | Noticed Blork the orc
  7638 | D:6      | Killed Blork the orc
  7931 | D:6      | Found an iron altar of Okawaru.
  8218 | D:6      | Reached *** piety under Lugonu
  8947 | D:7      | Reached skill level 8 in Polearms
  9148 | D:7      | Found a radiant altar of Vehumet.
  9149 | D:7      | Found a sparkling altar of Nemelex Xobeh.
  9537 | D:8      | Reached XP level 10. HP: 74/77 MP: 13/15
  9967 | D:8      | Noticed a two-headed ogre
  9983 | D:8      | Killed a two-headed ogre
  9983 | D:8      | Reached skill level 9 in Polearms
 10098 | D:8      | Noticed Grum
 10125 | D:8      | Killed Grum
 10496 | D:8      | Got a smoking ring mail
 10510 | D:8      | Identified the +0 ring mail of Dim Light {MR- Str+6} (You
                  | found it on level 8 of the Dungeon)
 10716 | D:8      | Reached **** piety under Lugonu
 11904 | D:9      | Found a staircase to the Lair.
 12342 | D:9      | Reached XP level 11. HP: 81/86 MP: 17/17
 12373 | D:9      | Found a shimmering altar of Xom.
 12464 | D:9      | Reached skill level 10 in Polearms
 12706 | D:10     | Entered Level 10 of the Dungeon
 12952 | D:10     | Noticed a two-headed ogre
 13482 | D:10     | Killed a two-headed ogre
 13675 | D:10     | Mangled by a wolf spider zombie

Illustrated notes

Levels and vault maps discovered:
D:1:      nzn_arrival_water_spiral, layout_basic
D:2:      layout_rooms
D:3:      layout_basic, serial_bayou_pond_d, uniq_natasha
D:4:      layout_basic, serial_rivers, chequers_serial_rivers_micro_b,
          chequers_serial_rivers_marsh, chequers_serial_rivers_micro_c,
          chequers_serial_rivers_micro_c, serial_shops, nicolae_shop_stone
D:5:      layout_rooms, nicolae_dithmenos_shadow_blocks
D:6:      layout_cave_pools, marbit_many_paths, minmay_temple_entry_waves,
          serial_shops, nicolae_shop_crystal, uniq_menkaure,
          uniq_crazy_yiuf_cottage, uniq_blork_the_orc, uniq_eustachio,
          uniq_edmund
D:7:      layout_basic, nicolae_overflow_hidden_temple
D:8:      layout_basic, uniq_grum
D:9:      layout_loops_corners, erik_lair_orcish_takeover,
          corexii_leaking_fountain, xom_confusion_cloud
D:10:     layout_gridville, nrook_pool_corridor
Temple:   eino_narrow_crystal_temple

Skill      XL: |  1  2  3  4  5  6  7  8  9 10 11 |
---------------+----------------------------------+-----
Dodging        | 1 2 3 |  3.0
Polearms       | 3 4 5 6 8 9 10 | 10.6
Invocations    | 3 4 5 7 8 9 |  9.1
Armour         | 3 4 5 6 7 8 |  8.4
Fighting       | 4 5 6 8 |  8.7

Action                   |  1- 3 |  4- 6 |  7- 9 | 10-12 || total
-------------------------+-------+-------+-------+-------++-------
Melee: Spear             |    98 |    61 |       |       ||   159
       Trident           |       |   124 |   439 |   408 ||   971
Throw: Javelin           |     5 |     8 |     9 |    18 ||    40
       Dart              |       |     2 |     2 |    10 ||    14
Invok: Depart the Abyss  |     1 |       |       |       ||     1
       Bend Space        |       |       |     2 |     4 ||     6
 Abil: Dig               |       |       |     1 |     1 ||     2
  Use: Scroll            |       |     6 |       |     5 ||    11
Armor: Leather armour    |     2 |       |       |       ||     2
       Ring mail         |    27 |    29 |       |       ||    56
       Scale mail        |       |     8 |   169 |    92 ||   269
Dodge: Dodged            |    40 |    77 |   202 |   129 ||   448
Block: Other             |       |       |       |    25 ||    25
       Reflection        |       |       |       |     2 ||     2

Table legend: (Time is in decaauts)
 A = Elapsed time spent in this place.
 B = Non-inter-level travel time spent in this place.
 C = Inter-level travel time spent in this place.
 D = Time resting spent in this place.
 E = Time spent auto-exploring this place.
 F = Levels seen in this place.
 G = Mean time per level.
                   A        B        C        D        E       F      G
               +--------+--------+--------+--------+--------+-----+--------+
         Total |  13662 |  13149 |    513 |   5394 |   4273 |  12 | 1138.5 |
       Dungeon |  13105 |  12606 |    499 |   5199 |   3988 |  10 | 1310.5 |
        Temple |    433 |    419 |     14 |    195 |    201 |   1 |  433.0 |
         Abyss |    124 |    124 |      0 |      0 |     84 |   1 |  124.0 |
               +--------+--------+--------+--------+--------+-----+--------+

Top non-repeatable levels by time:
     D:8: 1629 daAuts
     D:6: 1573 daAuts
     D:3: 1527 daAuts
     D:7: 1500 daAuts
     D:9: 1440 daAuts
     D:1: 1383 daAuts
     D:5: 1203 daAuts
     D:2: 1156 daAuts
     D:4: 906 daAuts
    D:10: 782 daAuts
  Temple: 433 daAuts
 Abyss:1: 124 daAuts
